 Dungeon Crawl Stone Soup version 0.29.1-13-g9f3cf754e1 (webtiles) character file.

Game seed: 8379291922160008955

39 booth the Chopper (level 3, -1/27 HPs)
             Began as a Demonspawn Gladiator on Jan 28, 2023.
             Was an Initiate of Yredelemnul.
             Slain by a white imp (5 damage)
             ... on level 3 of the Dungeon.
             The game lasted 00:10:01 (1868 turns).

booth the Chopper (Demonspawn Gladiator)            Turns: 1868, Time: 00:10:02

Health: -1/27      AC:  4    Str: 16    XL:     3   Next: 28%
Magic:  3/3        EV: 12    Int:  9    God:    Yredelemnul [......]
Gold:   55         SH:  0    Dex: 14    Spells: 2/2 levels left

rFire   . . .      SeeInvis .   a - +0 war axe
rCold   . . .      Faith    .   (no shield)
rNeg    . . .      Spirit   .   b - +0 leather armour
rPois   .          Reflect  .   c - +0 helmet
rElec   .          Harm     .   (no cloak)
rCorr   .          Rampage  .   (no gloves)
Will    .....                   (no boots)
Stlth   +.........              (no amulet)
HPRegen 0.09/turn               (no ring)
MPRegen 0.08/turn               (no ring)

@: no status effects
A: claws 1, demonic guardian 1
a: Renounce Religion, Recall Undead Harvest


You were on level 3 of the Dungeon.
You worshipped Yredelemnul.
Yredelemnul was noncommittal.
You visited 1 branch of the dungeon, and saw 3 of its levels.

You collected 55 gold pieces.

Inventory:

Hand Weapons
 a - a +0 war axe (weapon)
Missiles
 d - 3 throwing nets (quivered)
 e - a javelin
 n - 9 poisoned darts
 q - 3 boomerangs
Armour
 b - a +0 leather armour (worn)
 c - a +0 helmet (worn)
Scrolls
 h - 5 scrolls of teleportation {unknown}
 j - a scroll of magic mapping {unknown}
 l - 3 scrolls of identify {unknown}
 r - a scroll of fear {unknown}
Potions
 f - a potion of berserk rage {unknown}
 g - 2 potions of lignification {unknown}
 i - a potion of heal wounds {unknown}
 k - 2 potions of attraction {unknown}
 m - 4 potions of curing {unknown}
 o - a potion of degeneration {unknown}
 p - a potion of brilliance {unknown}


   Skills:
 + Level 2.2 Fighting
 + Level 3.4 Axes
 + Level 1.9 Throwing
 + Level 0.1 Armour
 + Level 3.1 Dodging


You had 2 spell levels left.
You didn't know any spells.
Your spell library was empty.

Dungeon Overview and Level Annotations

Branches:
Dungeon (3/15)

Altars:
Uskayaw
Yredelemnul

Shops:
D:3 [


Innate Abilities, Weirdness & Mutations

You have sharp fingernails.
A weak demonic guardian rushes to your aid.


Message History

A rat comes into view.
Found 8 gold pieces.
You hit the rat.
You kill the rat!
A frilled lizard comes into view.
A white imp comes into view.
The frilled lizard hisses angrily.
The white imp shouts, "Slither home, thou ducking miscreant puttock!"
The white imp moves out of view.
Found a triangular peridot amulet.
Found a hide-covered altar of Uskayaw.
The frilled lizard barely misses you.
You see here 8 gold pieces.
You barely miss the frilled lizard. You hit the white imp.
The white imp hits you. The white imp freezes you.
The frilled lizard bites you but does no damage.
A quokka comes into view.
Your rat zombie closely misses the white imp.
You closely miss the frilled lizard. You barely miss the white imp.
The white imp hits you. The white imp freezes you.
The frilled lizard barely misses you.
Your rat zombie bites the white imp but does no damage.
The white imp gestures at you. The puff of frost hits you!
A demonic guardian appears!
Your orc zombie hits the white imp but does no damage.
The frilled lizard bites you.
* * * LOW HITPOINT WARNING * * *
You closely miss the frilled lizard. You hit the white imp but do no damage.
The quokka barely misses your shadow imp.
Your rat zombie bites the white imp but does no damage.
The white imp gestures at you. The puff of frost misses you.
The frilled lizard closely misses you.
Your shadow imp hits the white imp.
Your orc zombie closely misses the white imp.
You barely miss the frilled lizard. You barely miss the white imp.
The quokka barely misses your shadow imp.
The white imp hits you.
* * * LOW HITPOINT WARNING * * *
The white imp freezes you.
You die...
Your body rises from the dead as a mindless zombie.

#.#.... ## #.#.... #.#
#8 ....._ ..# #. #....
#.## #. #.... #..# #.
... #..# #.
..####.####..# #.
".....l@Z....###########
......55Z...............
#######r.###############
##.P #. #..# ..... ≈≈≈≈
...## ..... ... ≈≈≈≈≈≈≈
## ##.


You could see a white imp (ally target), a quokka, a frilled lizard (ally
target), a friendly shadow imp (summoned), a friendly rat zombie and a friendly
orc zombie.

Vanquished Creatures
  A dart slug (D:1)
  An orc (D:3)
  5 ball pythons
  3 endoplasms
  4 giant cockroaches (D:1)
  2 goblins
  A hobgoblin (D:2)
  6 kobolds
  2 quokkas (D:1)
  2 frilled lizards (D:1)
  4 rats
31 creatures vanquished.

Vanquished Creatures (collateral kills)
  A goblin (D:1)
  A bat (D:2)
2 creatures vanquished.

Vanquished Creatures (others)
  A rat zombie (D:2)
  A fungus (D:1)
  8 plants
  4 toadstools (D:1)
14 creatures vanquished.

Grand Total: 47 creatures vanquished

Notes
Turn   | Place    | Note
-------+----------+-------------------------------------------
     0 | D:1      | booth the Demonspawn Gladiator began the quest for the Orb.
     0 | D:1      | Reached XP level 1. HP: 16/16 MP: 1/1
   242 | D:1      | Discovered your monstrous ancestry.
   242 | D:1      | Gained mutation: You have sharp fingernails. [demonic
                  | ancestry]
   242 | D:1      | Reached XP level 2. HP: 22/22 MP: 2/2
  1038 | D:1      | Found a faded altar of an unknown god.
  1041 | D:1      | Prayed at the altar of an unknown god.
  1041 | D:1      | Became a worshipper of Yredelemnul the Dark
  1041 | D:1      | Reached * piety under Yredelemnul
  1362 | D:2      | Gained mutation: A weak demonic guardian rushes to your
                  | aid. [demonic ancestry]
  1362 | D:2      | Reached XP level 3. HP: 25/27 MP: 3/3
  1813 | D:3      | Found Biyl's Armour Boutique.
  1864 | D:3      | Found a hide-covered altar of Uskayaw.
  1868 | D:3      | Slain by a white imp

Illustrated notes

Levels and vault maps discovered:
D:1:      ldierk_water_garden, layout_basic,
          shapermc_ecumenical_altar_mp_urbaneastern, chequers_avenue,
          minmay_tripent
D:2:      layout_basic
D:3:      due_chaos_kobolds, layout_basic, old_standard_altar,
          mainiacjoe_overflow_alcove_2, nicolae_elyvilon_temple_path,
          serial_shops, shop, shop, nicolae_lakefront_shop, shop, shop,
          uniq_pargi, uniq_robin, uniq_sigmund

Skill      XL: |  1  2 |
---------------+-------+-----
Axes           | 3 |  3.4
Dodging        | 3 |  3.1
Fighting       | |  2.2
Throwing       | |  1.9
Armour         | |  0.1

Action                   || total
-------------------------++-------
Melee: War axe           ||    77
       Punch             ||     2
 Stab: Sleeping          ||     1
Armor: Leather armour    ||    32
Dodge: Dodged            ||    43
